AoeStats
← polom.s1989

Fortress

510112116Analyzed
4v4 RM · 2d ago on Sep 29, 2026· 47m 58s· 8 players
Game mode
Random Map
Map size
Huge
Population
200
Speed
Normal
Resources
Standard
Victory
Conquest
Starting age
Dark Age
Ending age
Imperial Age
RankedLock teamsTeams togetherTeam positionsShared explorationLock speedFull tech treeHidden civsTurbo modeCheats
Victory
Defeat
🇪🇨 Varangians · Ecuador
1611
+13
🇸🇪 Italians · Sweden
1605
+13
🇨🇴 Mongols · Colombia
1601
+13
🇨🇿 Malay · Czechia
1541
+16
🇹🇼 Poles · Taiwan
1561
-15
🇹🇼 Vietnamese · Taiwan
1553
-14
🇹🇼 Turks · Taiwan
1536
-14
🇩🇪 Saracens · Germany
1503
-12
Kaladin Stormblessed
2:40 Loom
8:03 Feudal Age
9:24 Double-Bit Axe
11:45 Castle Age
9:34 Double-Bit Axe
9:52 Horse Collar
12:48 Bow Saw
18:53 Wheelbarrow
20:50 Hand Cart
25:16 Imperial Age
22:33 Town Watch
22:34 Loom
23:00 Gold Mining
23:19 Scale Barding Armor
23:43 Bloodlines
23:49 Forging
23:55 Husbandry
24:31 Chain Barding Armor
23:46 Vendel Legacy
25:36 Cavalier
27:00 Plate Barding Armor
28:04 Iron Casting
27:21 Gothikon
29:33 Conscription
28:57 Light Cavalry
30:39 Caravan
32:23 Guilds
32:43 Coinage
32:44 Coinage
33:22 Blast Furnace
32:13 Elite Jarl
35:13 Coinage
35:26 Guilds
39:35 Hussar
40:53 Banking
40:22 Fletching
40:44 Masonry
40:15 Treadmill Crane
polom.s1989
6:41 Loom
8:43 Feudal Age
9:44 Horse Collar
9:52 Double-Bit Axe
13:30 Castle Age
12:06 Gold Mining
12:56 Forging
17:53 Squires
17:39 Arson
22:13 Heavy Plow
22:24 Bow Saw
23:28 Wheelbarrow
24:53 Town Watch
28:38 Hand Cart
33:16 Imperial Age
30:12 Pikeman
31:23 Murder Holes
31:46 Masonry
32:05 Halberdier
33:28 Iron Casting
35:33 Gold Shaft Mining
34:26 Capped Ram
37:43 Forced Levy
44:33 Man-at-Arms
45:20 Long Swordsman
46:57 Two-Handed Swordsman
EL TIGRE ABELARDO
7:00 Feudal Age
8:05 Double-Bit Axe
11:29 Castle Age
9:23 Horse Collar
11:50 Wheelbarrow
12:29 Bow Saw
12:22 Heavy Plow
20:19 Hand Cart
20:31 Stone Mining
21:06 Loom
23:29 Stone Shaft Mining
22:45 Gold Mining
23:12 Town Watch
27:02 Imperial Age
24:25 Fletching
24:51 Padded Archer Armor
25:56 Gold Shaft Mining
25:48 Ballistics
25:39 Bodkin Arrow
25:50 Scale Barding Armor
26:43 Coinage
26:59 Leather Archer Armor
27:05 Chain Barding Armor
27:32 Bloodlines
27:22 Husbandry
27:16 Elite Mangudai
28:09 Bracer
28:35 Conscription
28:22 Thumb Ring
29:26 Chemistry
29:48 Banking
29:18 Caravan
30:03 Forging
29:14 Light Cavalry
30:29 Masonry
30:55 Town Patrol
34:51 Capped Ram
37:50 Iron Casting
37:24 Heavy Scorpion
38:04 Hussar
39:45 Blast Furnace
39:53 Parthian Tactics
39:01 Onager
39:58 Elite Steppe Lancer
40:27 Heavy Camel Rider
40:49 Siege Ram
41:50 Drill
46:02 Siege Engineers
xGusZx24
8:20 Feudal Age
9:16 Double-Bit Axe
14:14 Castle Age
12:00 Horse Collar
12:14 Gold Mining
17:45 Imperial Age
16:10 Bow Saw
16:25 Fletching
16:35 Padded Archer Armor
16:42 Padded Archer Armor
17:57 Wheelbarrow
18:01 Fortified Wall
19:30 Chemistry
19:12 Fletching
20:29 Bodkin Arrow
22:57 Loom
22:57 Town Watch
23:52 Wheelbarrow
25:15 Bracer
26:52 Ballistics
32:34 Thumb Ring
33:47 Padded Archer Armor
34:11 Caravan
35:20 Two-Man Saw
34:21 Heavy Plow
34:48 Conscription
33:49 Elite Genoese Crossbowman
35:46 Leather Archer Armor
36:05 Murder Holes
35:55 Arrowslits
35:51 Treadmill Crane
36:23 Masonry
36:33 Bombard Tower
36:50 Coinage
38:05 Ring Archer Armor
39:18 Architecture
40:07 Stone Mining
45:34 Scale Mail Armor
45:44 Forging
47:05 Hoardings
47:12 Crop Rotation
48:03 Silk Road
PETER
8:14 Feudal Age
11:51 Castle Age
10:01 Horse Collar
13:29 Heavy Plow
15:34 Wheelbarrow
16:07 Loom
18:46 Szlachta Privileges
19:20 Scale Barding Armor
20:26 Forging
20:30 Husbandry
22:14 Bloodlines
23:23 Chain Barding Armor
23:42 Double-Bit Axe
25:50 Hand Cart
30:17 Imperial Age
29:14 Town Watch
30:08 Iron Casting
31:07 Caravan
31:53 Crop Rotation
30:45 Cavalier
32:27 Blast Furnace
33:28 Light Cavalry
34:36 Lechitic Legacy
34:44 Conscription
34:51 Scale Mail Armor
36:08 Chemistry
35:28 Ballistics
36:29 Winged Hussar
38:25 Chain Mail Armor
41:59 Gold Mining
41:59 Stone Mining
不疾不徐
6:55 Feudal Age
11:02 Castle Age
9:29 Double-Bit Axe
9:56 Horse Collar
13:16 Bow Saw
16:13 Loom
18:25 Fletching
19:56 Bodkin Arrow
24:58 Town Watch
25:53 Wheelbarrow
27:18 Heavy Plow
28:44 Fortified Wall
29:55 Gold Mining
29:58 Stone Mining
34:31 Imperial Age
32:18 Crossbowman
33:03 Thumb Ring
33:01 Padded Archer Armor
34:32 Ballistics
34:30 Leather Archer Armor
33:43 Elite Skirmisher
34:45 Treadmill Crane
35:14 Bracer
35:44 Ring Archer Armor
36:16 Chemistry
35:49 Caravan
35:34 Imperial Skirmisher
38:12 Paper Money
38:12 Elite Rattan Archer
39:16 Arbalester
39:19 Pikeman
40:00 Squires
40:38 Halberdier
42:32 Capped Ram
45:07 Arson
Erg_Raider
7:31 Feudal Age
11:11 Castle Age
9:11 Double-Bit Axe
9:29 Horse Collar
12:23 Bow Saw
12:39 Heavy Plow
12:31 Loom
17:22 Wheelbarrow
18:22 Gold Mining
19:37 Hand Cart
19:30 Scale Barding Armor
20:54 Stone Mining
25:23 Imperial Age
23:39 Forging
24:57 Chain Barding Armor
25:13 Iron Casting
24:51 Husbandry
26:00 Bloodlines
25:23 Light Cavalry
27:11 Heavy Camel Rider
29:20 Plate Barding Armor
29:46 Blast Furnace
29:38 Conscription
30:49 Two-Man Saw
29:45 Elite Mameluke
31:05 Conscription
30:53 Town Watch
32:21 Hussar
36:16 Caravan
36:38 Fletching
39:24 Ballistics
40:04 Chemistry
39:01 Bodkin Arrow
39:08 Padded Archer Armor
46:07 Elite Skirmisher
47:04 Leather Archer Armor
戒賭胖
8:47 Feudal Age
12:47 Castle Age
10:37 Double-Bit Axe
10:34 Horse Collar
16:18 Imperial Age
19:29 Padded Archer Armor
21:00 Conscription
24:12 Leather Archer Armor
30:20 Artillery
32:43 Fortified Wall
33:47 Caravan
35:15 Loom
38:19 Ballistics
41:00 Fletching
41:36 Bodkin Arrow
Connection lost

Rejoining the realm…

Still unreachable

The connection could not be restored.

Session expired

The server has moved on; the page needs a fresh start.